Map: Submarine LE

Players

BlackStones

  • Race: Protoss Protoss
  • League: Diamond
  • Spawn Location: 11:00

RyuKey - Winner!

  • Race: Terran Terran
  • League: Diamond
  • Spawn Location: 5:00

VOD

Have the link to the VOD?

Description

Time

  • Played on: June 21, 2020, 6:10 p.m.
  • Length: 11:43
Show
View Real Time Build Order
Export as new Build Order

BlackStones Protoss 

Build Orders: Archon Immortal, Dark Templar Rush 

Get SALT Encoding   

  12  0:01  Probe  
  13  0:13  Probe  
  14  0:17  Pylon  
  14  0:25  Probe  
  15  0:34  Probe  
  15  0:35  Gateway  
  15  0:42  Probe  
  16  0:44  Assimilator  
  17  0:53  Probe  
  18  1:05  Probe  
  19  1:18  Probe  
  20  1:27  Cybernetics Core  
  20  1:30  Probe  
  21  1:42  Probe  
  21  1:43  Pylon  
  21  1:45  Assimilator  
  22  1:56  Probe  
  22  1:59  Stalker  
  22  2:00  Nexus  
  25  2:11  Warp Gate  
  25  2:14  Probe  
  26  2:27  Twilight Council  
  26  2:28  Probe  
  27  2:47  Probe  
  28  2:51  Robotics Facility  
  27  2:58  Stalker  
  27  2:59  Probe  
  30  3:09  Probe  
  31  3:13  Probe  
  31  3:15  Dark Shrine  
  31  3:17  Probe  
  31  3:18  Assimilator  
  32  3:21  Probe  
  34  3:29  Probe  
  35  3:37  Warp Prism  
  35  3:38  Gateway  
  35  3:47  Probe  
  38  3:52  Pylon  
  38  3:54  Probe  
  39  4:09  Gateway x2  
  39  4:12  Probe  
  39  4:15  Pylon, Probe  
  41  4:22  Probe  
  41  4:25  Probe  
  41  4:29  Observer  
  41  4:30  Probe  
  44  4:33  Assimilator, Probe  
  46  4:39  Dark Templar  
  46  4:41  Dark Templar  
  50  5:07  Immortal  
  50  5:11  Probe, Charge  
  51  5:15  Pylon  
  51  5:16  Archon, Pylon  
  51  5:23  Zealot x3  
  51  5:24  Zealot  
  59  5:28  Probe  
  60  5:37  Probe  
  60  5:41  Probe  
  62  5:47  Immortal  
  62  5:49  Probe  
  67  6:04  Probe  
  63  6:21  Observer, Nexus  
  63  6:22  Pylon  
  55  6:27  Observer  
  52  6:37  Probe  
  53  6:44  Probe  
  53  6:45  Probe  
  54  6:50  Nexus  
  54  6:53  Pylon  
  55  6:56  Immortal  
  55  6:57  Probe  
  55  6:59  Probe  
  61  7:12  Probe  
  62  7:16  Probe  
  62  7:20  Probe  
  64  7:30  Probe  
  64  7:35  Zealot  
  64  7:36  Zealot x3  
  73  7:46  Probe  
  73  7:47  Immortal, Probe  
  73  7:48  Probe  
  79  7:54  Probe  
  79  7:56  Probe  
  82  8:08  Observer  
  82  8:10  Forge  
  82  8:13  Forge  
  82  8:17  Templar Archives  
  81  8:20  Pylon  
  81  8:22  Stalker x3  
  86  8:32  Observer  
  85  8:37  Probe  
  85  8:38  Probe  
  85  8:41  Probe x2  
  86  8:47  Probe x2  
  83  8:49  Probe  
  83  8:53  Probe  
  85  8:57  Protoss Ground Weapons Level 1, Protoss Ground Armor Level 1  
  85  9:01  High Templar x4  
  89  9:09  Probe  
  86  9:13  Probe x3  
  89  9:20  Psionic Storm  
  89  9:25  Probe x2  
  89  9:30  Archon x2  
  91  9:34  Zealot x2  
  91  9:35  Sentry  
  89  9:52  Zealot  
  81  9:55  Probe  
  81  9:59  Probe x3  
  81  10:01  Zealot  
  81  10:02  Zealot x2  
  83  10:14  Probe  
  83  10:15  Probe  
  83  10:16  Probe  
  83  10:28  Probe x4  
  76  10:32  Stalker x2  
  72  10:40  Probe  
  63  10:59  Stalker x2  
  63  11:00  Stalker  
  69  11:10  Probe  
  69  11:11  Probe  
  69  11:12  Probe  
  69  11:14  Probe  
Show
View Real Time Build Order
Export as new Build Order

RyuKey Terran - Winner!

Build Orders: Gas First Reaper Expand, Hellion Opening, Mech 

Get SALT Encoding   

  12  0:00  SCV  
  13  0:12  SCV  
  14  0:17  Supply Depot  
  14  0:23  Refinery  
  14  0:28  SCV  
  15  0:40  SCV  
  16  0:45  Barracks  
  16  0:53  SCV  
  17  1:05  SCV  
  18  1:17  SCV  
  19  1:32  Orbital Command  
  19  1:33  Reaper  
  20  1:45  Command Center  
  20  1:55  Supply Depot  
  20  1:58  SCV  
  21  2:08  Factory  
  21  2:11  Barracks Reactor  
  21  2:12  SCV  
  22  2:17  Refinery  
  22  2:24  SCV  
  23  2:36  SCV  
  24  2:48  SCV  
  25  3:00  SCV  
  25  3:01  Starport  
  25  3:02  Barracks Tech Lab  
  25  3:05  Orbital Command  
  26  3:06  Hellion x2  
  26  3:09  Supply Depot  
  31  3:12  SCV  
  31  3:24  SCV  
  32  3:28  Hellion x2  
  32  3:33  Supply Depot  
  36  3:35  SCV  
  36  3:37  SCV  
  38  3:47  SCV  
  38  3:49  SCV  
  38  3:51  Hellion  
  38  3:52  Hellion  
  38  3:55  Raven  
  45  3:59  SCV  
  45  4:01  SCV  
  47  4:04  Barracks Tech Lab  
  47  4:06  Factory  
  47  4:10  Refinery  
  47  4:12  Refinery  
  47  4:13  SCV  
  48  4:17  Widow Mine  
  48  4:18  Widow Mine  
  48  4:21  Engineering Bay  
  52  4:25  SCV  
  52  4:27  SCV  
  54  4:37  SCV  
  54  4:38  Raven  
  57  4:39  SCV  
  58  5:00  SCV  
  58  5:06  Armory  
  59  5:08  Armory  
  59  5:10  Missile Turret, SCV  
  59  5:12  Missile Turret, SCV  
  61  5:22  SCV  
  61  5:23  Supply Depot  
  62  5:33  Command Center  
  62  5:36  Supply Depot  
  62  5:39  Supply Depot  
  62  5:44  SCV x2  
  62  5:45  Hellion x2  
  68  5:56  SCV x2  
  70  5:57  Siege Tank  
  73  6:06  Hellion x2  
  73  6:08  SCV x2  
  79  6:27  Hellion x2  
  79  6:29  Siege Tank  
  78  6:34  SCV  
  75  6:40  Terran Vehicle And Ship Armor Level 1, Terran Vehicle Weapons Level 1  
  75  6:42  Banshee  
  75  6:43  Cloaking Field  
  75  6:44  SCV  
  75  6:46  SCV, Orbital Command  
  80  6:49  Supply Depot  
  80  6:51  Supply Depot  
  80  6:57  SCV  
  81  7:01  Factory  
  81  7:02  Factory  
  81  7:04  SCV, Siege Tank, Hellion x2  
  89  7:09  SCV  
  89  7:15  Orbital Command  
  90  7:16  SCV  
  90  7:21  SCV  
  92  7:27  Hellion x2  
  96  7:33  Banshee  
  96  7:34  Refinery  
  96  7:36  Siege Tank  
  102  7:40  Missile Turret  
  102  7:47  Factory Tech Lab x2  
  102  7:50  Supply Depot  
  102  7:55  SCV x3  
  102  7:57  Hellion x2  
  109  8:02  Hyperflight Rotors  
  109  8:04  Supply Depot  
  109  8:07  Supply Depot  
  109  8:08  SCV x3, Siege Tank  
  115  8:15  Banshee  
  115  8:18  Siege Tank  
  121  8:20  SCV  
  121  8:21  Siege Tank  
  125  8:28  Refinery  
  125  8:36  SCV x2  
  125  8:37  Hellion x2  
  125  8:40  Siege Tank  
  134  8:48  Terran Vehicle Weapons Level 2  
  134  8:52  Terran Vehicle And Ship Armor Level 2  
  134  8:54  SCV x2  
  136  8:58  Banshee  
  139  9:14  Hellion  
  141  9:29  Command Center  
  141  9:41  Siege Tank  
  141  9:43  Hellion  
  141  9:44  SCV x2, Hellion  
  141  9:46  Siege Tank  
  136  9:56  Hellion  
  136  10:04  Hellion  
  136  10:05  Siege Tank  
  139  10:08  Infernal Pre-Igniter  
  139  10:13  Siege Tank  
  140  10:19  Siege Tank  
  140  10:21  Hellion  
  131  10:37  Siege Tank  
  134  10:45  Siege Tank  
  137  10:52  Siege Tank  
  137  10:56  Hellion x2  
  144  11:07  Factory  
  144  11:09  Siege Tank  
  144  11:12  Factory  
  144  11:14  Factory  
  147  11:22  Hellion, Widow Mine  
  147  11:25  SCV  
Tags
 
Add a new tag
Caveats
  • Supply blocks, unpowered buildings, or Contaminate may cause inaccurate times.
  • Supply counts are checked every 10 seconds.